 Dungeon Crawl Stone Soup version 0.19.4-8-ga85b6b9 (webtiles) character file.

75891 shpingle the Spear-Bearer (level 15, 0/105 HPs)
             Began as a Mummy Monk on Feb 8, 2017.
             Was the Champion of Ashenzari.
             Slain by an ettin
             ... wielding a +2 dire flail of holy wrath
              (35 damage)
             ... on level 11 of the Dungeon.
             The game lasted 03:10:15 (23729 turns).

shpingle the Spear-Bearer (Mummy Monk)             Turns: 23729, Time: 03:10:16

Health: 0/105      AC: 15    Str: 17    XL:     15   Next: 10%
Magic:  25/25      EV: 24    Int: 15    God:    Ashenzari [******]
Gold:   1455       SH:  6    Dex: 18    Spells: 7 memorised, 8 levels left

rFire  x . .     SeeInvis +     a - +2 trident (pierce)
rCold  + . .     Gourm    .     K - +2 robe of Vines {NoDeviceHeal Regen+7} (curse)
rNeg   + + +     Faith    .     t - +0 buckler (curse)
rPois  ∞         Spirit   .     d - +2 helmet (curse)
rElec  .         Reflect  .     C - +2 cloak (curse)
rCorr  .         Harm     .     R - +0 pair of gloves (curse)
MR     +....     Clarity  +     x - +2 pair of boots (curse)
Stlth  +++++.....               e - amulet of regeneration (curse)
                                f - +2 ring of slaying (curse)
                                w - +5 ring of intelligence

@: no status effects
A: no food or potions, fire vulnerability, cold resistance 1, negative energy
resistance 3, torment resistance, unbreathing, in touch with death 1
a: End Transfer Knowledge, Curse Item, Scrying, Transfer Knowledge, Renounce
Religion


You were on level 11 of the Dungeon.
You worshipped Ashenzari.
Ashenzari was exalted by your worship.
You were not hungry.

You visited 3 branches of the dungeon, and saw 22 of its levels.

You collected 1740 gold pieces.
You spent 285 gold pieces at shops.

Inventory:

Hand Weapons
 a - a +2 trident of piercing (weapon)
 b - a +3 hunting sling of flaming
 q - a +1 dagger of draining
 y - a +0 halberd
 z - the cursed +2 dagger of the Crawling Thing {pierce, Stlth+}
   (You found it on level 4 of the Dungeon)

   It inflicts extra damage upon your enemies.
   It makes you more stealthy.
   It has a curse placed upon it.
 L - the cursed +0 scimitar of the Puffball {slice, rC+ MP+9 Stlth-}
   (You found it on level 9 of the Dungeon)

   It inflicts extra damage upon your enemies.
   It protects you from cold.
   It affects your magic capacity (+9).
   It makes you less stealthy.
   It has a curse placed upon it.
 Q - a cursed +6 hunting sling of velocity
Missiles
 h - 340 stones (quivered)
 s - 56 sling bullets
 G - 6 tomahawks of dispersal
 N - 456 arrows
 O - 4 exploding tomahawks
 S - 2 throwing nets
Armour
 d - a cursed +2 helmet (worn)
 t - a cursed +0 buckler (worn)
 x - a cursed +2 pair of boots (worn)
 B - a +0 shield
 C - a cursed +2 cloak (worn)
 K - the cursed +2 robe of Vines (worn) {NoDeviceHeal Regen+7}
   (You found it on level 8 of the Dungeon)

   It increases your rate of regeneration.
   It has a curse placed upon it.
 R - a cursed +0 pair of gloves (worn)
Rods
 M - a +1 rod of inaccuracy (12/12)
   (You found it on level 13 of the Dungeon)
Jewellery
 e - a cursed amulet of regeneration (around neck)
 f - a cursed +2 ring of slaying (right hand)
 i - a +2 ring of evasion
 w - a +5 ring of intelligence (left hand)
Wands
 o - a wand of acid (3/15)
 r - a wand of confusion (9/48)
 u - a wand of disintegration (1/24)
 D - a wand of polymorph (10/24)
 H - a wand of iceblast (9/15)
 J - a wand of iceblast (2/15)
 U - a wand of digging (12/24)
 X - a wand of paralysis (9/24)
 Y - a wand of flame (8/48)
 Z - a wand of acid (6/15)
Scrolls
 j - a scroll of summoning
 k - 6 scrolls of teleportation
 l - a scroll of fog
 n - 4 scrolls of enchant weapon
 p - a scroll of recharging
 v - 3 scrolls of fear
 E - 4 scrolls of amnesia
 F - a scroll of immolation
 I - a scroll of brand weapon
 P - 4 scrolls of magic mapping
 T - a scroll of vulnerability
 V - 6 scrolls of remove curse
 W - 3 scrolls of noise


   Skills:
 + Level 6.1 Fighting
 * Level 10.6 Polearms
 - Level 7.8 Slings
 - Level 6.0 Armour
 * Level 10.0(14.2) Dodging
 + Level 7.0(11.5) Stealth
 + Level 5.1(8.1) Shields
 - Level 7.0 Spellcasting
 + Level 5.2(8.2) Conjurations
 + Level 2.9(5.4) Hexes
 - Level 3.3(6.0) Charms
 + Level 4.3(7.2) Necromancy
 - Level 3.0(5.6) Translocations
 - Level 1.8(4.0) Transmutations
 - Level 5.7(8.7) Evocations


You had 8 spell levels left.
You knew the following spells:

 Your Spells              Type           Power        Failure   Level  Hunger
a - Shroud of Golubria    Chrm/Tloc      ###.......   1%          2    N/A
b - Fulminant Prism       Conj/Hex       ####......   10%         4    N/A
c - Vampiric Draining     Necr           #####.....   2%          3    N/A
d - Sticks to Snakes      Tmut           ###.....     4%          2    N/A
e - Iskenderun's Mystic   Conj           ####....     4%          4    N/A
f - Animate Dead          Necr           N/A          10%         4    N/A
z - Animate Skeleton      Necr           N/A          1%          1    N/A

Dungeon Overview and Level Annotations

Branches:
Dungeon (15/15)            Temple (1/1) D:5            Lair (6/6) D:11
  Swamp (0/4) Lair:2        Snake (0/4) Lair:4        Slime (0/5) Lair:6
    Orc (0/2) D:10         Vaults (0/5) D:14         Depths (0/5) D:15

Altars:
Ashenzari
Cheibriados
Dithmenos
Elyvilon
Fedhas
Gozag
Hepliaklqana
Kikubaaqudgha
Makhleb
Nemelex Xobeh
Okawaru
Qazlal
Ru
Sif Muna
Trog
Uskayaw
Vehumet
Xom
Yredelemnul
Zin
The Shining One
Beogh

Shops:
D:7 !   D:10 (   D:15 (

Annotations:
D:8 exclusion: 2 downstairs
D:9 exclusion: 2 upstairs
D:13 exclusions: hell hound and sensed monster (detected), Azrael
Lair:1 exclusion: downstairs


Innate Abilities, Weirdness & Mutations

You do not eat or drink.
Your flesh is vulnerable to fire.
You are immune to poison.
Your flesh is cold resistant. (rC+)
You are immune to negative energy. (rN+++)
You are immune to unholy pain and torment.
You can survive without breathing.
You are in touch with the powers of death.


Message History

The ettin misses you. The ettin completely misses you.
You hit the ettin.
The ettin is almost dead.
The ettin completely misses you. You block the ettin's attack.
You hit the ettin but do no damage.
The ettin is almost dead.
Your magical contamination has completely faded away.
You hit the ettin but do no damage.
The ettin is almost dead.
The ettin barely misses you. The ettin completely misses you.
You barely miss the ettin.
The ettin is severely wounded.
The ettin barely misses you.
The ettin hits you with a dire flail of protection!!!
You hit the ettin.
The ettin is almost dead.
The ettin hits you with a dire flail of holy wrath!!!
* * * LOW HITPOINT WARNING * * *
You convulse!!
You die... ███.'......█ ███......█ ████████

█........█ .......██
█.█████'██
████.█..███████████.█████.█
.......................██.█
◙◙◙◙◙◙◙◙◙◙◙◙◙◙◙◙.◙◙◙◙◙.██.█
◙◙ ,,, ,,◙.◙.◙.◙.◙.◙.██.█
.◙ * * *,◙◙...@...◙◙.██'██
█ .◙,◙, * ◙..◙◙◙C⌠..◙.....█
█ .◙.◙.◙
,◙◙.◙.◙...◙◙.....██████
↑..'.*∆
,*,◙..◙◙.◙◙..◙.....█...Z'
(◙.◙, * ,
◙◙...◙↑◙.◙◙.....█.████ (◙.◙
,, , ,◙..⌠.◙◙◙↑.◙...>.'.█ █
.◙,◙ ** ◙◙.......◙◙.....███
█ ◙◙,, ,, ,,
◙.◙.◙.◙.◙.◙..█'██
◙◙◙◙◙◙◙◙◙◙◙◙◙◙◙◙.◙◙◙◙◙.█..█


You could see an ettin.

Vanquished Creatures
  An ettin (D:11)
  A fire dragon (D:15)
  A hydra (D:15)
  Harold (Lair:1)
  A dancing weapon (D:14)
  2 centaur warriors (D:15)
  A queen ant (Lair:3)
  A death yak (Lair:4)
  4 skeletal warriors (D:12)
  4 unseen horrors
  A wolf spider (Lair:6)
  A wolf spider zombie (D:15)
  4 hill giants
  16 ugly things
  2 manticores
  A cyclops (D:13)
  A guardian serpent (Lair:6)
  7 black mambas
  13 elephants
  12 spiny frogs
  A gargoyle (D:15)
  A kobold demonologist (D:11)
  2 rime drakes
  A yaktaur (shapeshifter) (D:15)
  A redback zombie (D:15)
  8 komodo dragons
  5 trolls
  A wolf spider simulacrum (D:14)
  7 polar bears (Lair:6)
  A troll (shapeshifter) (D:15)
  Prince Ribbit (D:6)
  4 hornets
  10 blink frogs
  2 raiju (Lair:6)
  8 slime creatures (D:12)
  6 hippogriffs
  5 dream sheep
  Sigmund (D:3)
  A centaur simulacrum (D:15)
  10 wyverns
  A redback (Lair:6)
  A shadow (D:15)
  2 wraiths
  30 yaks
  A basilisk (Lair:6)
  11 vampire mosquitoes
  4 hungry ghosts
  A mottled dragon (D:11)
  4 wargs (Lair:6)
  2 redback simulacra (D:15)
  18 water moccasins
  7 hell hounds (Lair:6)
  10 porcupines
  7 soldier ants
  6 ice beasts
  2 sky beasts (D:11)
  5 orc warriors
  An eye of draining (D:11)
  9 black bears
  5 ogres
  The ghost of antares the Poker, an amateur MfGl (D:3)
  3 boggarts (D:15)
  A phantom (D:11)
  13 wolves
  12 centaurs
  17 crocodiles
  4 big kobolds
  14 bullfrogs
  A gnoll sergeant (D:9)
  A wyvern skeleton (D:13)
  4 scorpions
  3 howler monkeys
  3 wights (D:4)
  8 jellies
  7 crimson imps
  2 lava snakes (D:9)
  5 bullfrog zombies
  8 orc priests
  2 quasits (D:7)
  4 centaur zombies
  3 centaur skeletons
  20 hounds
  3 bullfrog skeletons
  Jessica (D:2)
  46 worker ants
  5 iguanas
  8 orc wizards
  A hound zombie (D:8)
  9 gnolls
  12 adders
  4 river rats
  5 shadow imps
  2 oozes
  An adder skeleton (D:4)
  5 worms
  5 dart slugs
  6 leopard geckos
  37 orcs
  2 ball pythons
  15 bats
  13 giant cockroaches
  8 goblins
  8 hobgoblins
  11 jackals
  21 kobolds
  7 quokkas
  6 frilled lizards
  A leopard gecko skeleton (D:4)
  16 rats
  A fulminant prism (D:13)
  3 fungi (D:11)
  4 plants
680 creatures vanquished.

Vanquished Creatures (collateral kills)
  2 ettins (D:11)
  An ice dragon (D:15)
  A dancing weapon (D:14)
  An ugly thing (D:12)
  A wolf spider (Lair:6)
  A centaur zombie (D:14)
  3 black mambas
  A gargoyle (D:14)
  2 komodo dragons
  A spiny frog (Lair:6)
  A polar bear (Lair:6)
  A slime creature (Lair:6)
  A raiju (Lair:6)
  4 dream sheep
  5 wyverns
  3 yaks (D:14)
  2 vampire mosquitoes
  A warg (Lair:6)
  3 water moccasins
  6 black bears
  A centaur (D:11)
  5 wolves
  3 crocodiles
  4 bullfrogs
  3 hounds (Lair:6)
  A quasit (D:11)
  2 jellies (Lair:6)
  2 worker ants
  4 adders
  A fungus (Lair:5)
  3 plants
70 creatures vanquished.

Vanquished Creatures (others)
  A bush (Lair:4)
  7 fulminant prisms
  16 fungi
  13 plants (Lair:6)
37 creatures vanquished.

Grand Total: 787 creatures vanquished

Notes
Turn   | Place    | Note
-------+----------+-------------------------------------------
     0 | D:1      | shpingle the Mummy Monk began the quest for the Orb.
     0 | D:1      | Reached XP level 1. HP: 18/18 MP: 1/1
    79 | D:1      | Reached XP level 2. HP: 23/24 MP: 2/2
   256 | D:1      | Reached skill level 3 in Polearms
   589 | D:1      | Reached XP level 3. HP: 29/29 MP: 3/3
  1302 | D:2      | Found a shattered altar of Ashenzari.
  1396 | D:2      | Became a worshipper of Ashenzari the Shackled
  1396 | D:2      | Reached * piety under Ashenzari
  1396 | D:2      | Reached ** piety under Ashenzari
  1840 | D:2      | Reached XP level 4. HP: 35/35 MP: 4/4
  1841 | D:2      | Noticed Jessica
  1855 | D:2      | Killed Jessica
  1871 | D:2      | Identified Jessica's Guide on the Compass
  2314 | D:2      | Found a burning altar of Makhleb.
  2518 | D:3      | Noticed Sigmund
  2548 | D:3      | HP: 1/35 [something (4)]
  2550 | D:3      | Killed Sigmund
  2550 | D:3      | Reached XP level 5. HP: 2/41 MP: 5/5
  2550 | D:3      | Reached XP level 6. HP: 2/47 MP: 6/6
  2708 | D:3      | Noticed antares's ghost (amateur MfGl)
  3177 | D:3      | Reached skill level 3 in Armour
  3496 | D:3      | Killed antares's ghost
  3632 | D:4      | Reached XP level 7. HP: 35/52 MP: 7/7
  4241 | D:4      | Got the cursed dagger of the Crawling Thing {pierce, Stlth+}
  4310 | D:4      | Reached skill level 3 in Slings
  4784 | D:5      | Entered Level 5 of the Dungeon
  4819 | D:5      | Reached XP level 8. HP: 51/58 MP: 8/8
  4850 | D:5      | Found a staircase to the Ecumenical Temple.
  4860 | Temple   | Entered the Ecumenical Temple
  5073 | D:5      | Reached *** piety under Ashenzari
  5693 | D:6      | Found a stormy altar of Qazlal.
  5728 | D:6      | Found a glowing silver altar of Zin.
  6406 | D:6      | Reached skill level 3 in Shields
  6537 | D:7      | Noticed Prince Ribbit
  6585 | D:6      | Killed Prince Ribbit
  6709 | D:7      | Found an iron altar of Okawaru.
  6717 | D:7      | Found a snail-covered altar of Cheibriados.
  6847 | D:7      | Reached XP level 9. HP: 64/64 MP: 10/10
  7290 | D:7      | Found Haytitt's Distillery.
  7459 | D:8      | Reached skill level 3 in Evocations
  7556 | D:8      | Learned a level 2 spell: Shroud of Golubria
  7648 | D:8      | Reached skill level 6 in Slings
  7761 | D:8      | Reached **** piety under Ashenzari
  8107 | D:8      | Reached skill level 6 in Polearms
  8607 | D:9      | Reached skill level 3 in Dodging
  8655 | D:9      | Got the cursed scimitar of the Puffball {slice, rC+ MP+9 Stlth-}
  8716 | D:9      | Found a blossoming altar of Fedhas.
  8887 | D:9      | Reached XP level 10. HP: 65/70 MP: 12/12
  8931 | D:9      | Found a hide-covered altar of Uskayaw.
  9001 | D:9      | Found a deep blue altar of Sif Muna.
  9320 | D:9      | Found a faded altar of an unknown god.
  9320 | D:9      | Found an ancient bone altar of Kikubaaqudgha.
  9325 | D:9      | Found a bloodstained altar of Trog.
  9327 | D:9      | Found a faded altar of an unknown god.
  9328 | D:9      | Found an opulent altar of Gozag.
  9384 | D:10     | Entered Level 10 of the Dungeon
  9421 | D:10     | Found a staircase to the Orcish Mines.
  9608 | D:10     | Noticed an unseen horror
  9619 | D:10     | Killed an unseen horror
  9619 | D:10     | Reached skill level 6 in Armour
  9752 | D:10     | Found Seskonee's Antique Weapon Emporium.
  9767 | D:10     | Bought a runed trident for 285 gold pieces
  9898 | D:10     | Found a roughly hewn altar of Beogh.
 10411 | D:11     | Noticed a manticore
 10426 | D:11     | Killed a manticore
 10494 | D:11     | Found a staircase to the Lair.
 10518 | D:11     | Reached skill level 3 in Translocations
 10545 | Lair:1   | Entered Level 1 of the Lair of Beasts
 10797 | Lair:1   | Noticed Harold
 10885 | Lair:1   | Killed Harold
 10885 | Lair:1   | Reached skill level 3 in Charms
 11205 | Lair:1   | Reached XP level 11. HP: 63/75 MP: 14/14
 11340 | Lair:1   | Reached skill level 3 in Spellcasting
 11727 | Lair:2   | Found a staircase to the Swamp.
 11779 | Lair:2   | Reached ***** piety under Ashenzari
 12604 | Lair:2   | Reached skill level 3 in Stealth
 12944 | Lair:3   | Reached skill level 6 in Dodging
 13272 | Lair:3   | Learned a level 4 spell: Fulminant Prism
 13392 | Lair:3   | Reached XP level 12. HP: 81/81 MP: 19/19
 13472 | Lair:3   | Noticed a queen ant
 13571 | Lair:3   | Killed a queen ant
 14537 | Lair:4   | Learned a level 1 spell: Animate Skeleton
 14809 | Lair:4   | Noticed a death yak
 14840 | Lair:4   | Killed a death yak
 14957 | Lair:4   | Found a staircase to the Snake Pit.
 16299 | Lair:6   | Entered Level 6 of the Lair of Beasts
 16400 | Lair:5   | Reached skill level 9 in Polearms
 16408 | Lair:5   | Gained mutation: You are in touch with the powers of death. [Mummy growth]
 16408 | Lair:5   | Reached XP level 13. HP: 87/87 MP: 21/21
 16450 | Lair:5   | Reached skill level 3 in Conjurations
 16695 | Lair:6   | Reached skill level 6 in Spellcasting
 17007 | Lair:6   | Found a staircase to the Slime Pits.
 17132 | Lair:6   | Identified a scroll of acquirement
 17304 | Lair:6   | Learned a level 3 spell: Vampiric Draining
 17305 | Lair:6   | Reached ****** piety under Ashenzari
 18006 | Lair:6   | Reached skill level 6 in Stealth
 18933 | D:11     | Reached skill level 9 in Dodging
 18933 | D:11     | Reached XP level 14. HP: 96/96 MP: 22/24
 18941 | D:11     | Reached skill level 3 in Necromancy
 20624 | D:13     | Noticed Azrael
 21252 | D:14     | Found a gate to the Vaults.
 21668 | D:15     | Entered Level 15 of the Dungeon
 21877 | D:15     | Identified a +1 rod of inaccuracy (12/12) (You found it on level 13 of the Dungeon)
 22067 | D:15     | Found a staircase to the Depths.
 22466 | D:15     | Found Kuqe's Weapon Boutique.
 22538 | D:15     | Reached XP level 15. HP: 86/105 MP: 25/25
 22592 | D:15     | Reached skill level 6 in Fighting
 22995 | D:15     | Learned a level 2 spell: Sticks to Snakes
 23368 | D:11     | Learned a level 4 spell: Iskenderun's Mystic Blast
 23373 | D:11     | Learned a level 4 spell: Animate Dead
 23729 | D:11     | Slain by an ettin

Skill      XL: |  1  2  3  4  5  6  7  8  9 10 11 12 13 14 15 |
---------------+----------------------------------------------+-----
Polearms       | 3 4 5 6 7 9 10 | 10.6
Armour         | 1 2 3 4 5 6 |  6.0
Slings         | 1 2 3 5 6 7 8 7 |  7.8
Shields        | 1 2 3 5 |  5.1
Evocations     | 2 3 4 5 |  5.7
Charms         | 1 3 |  3.3
Translocations | 1 3 |  3.0
Dodging        | 3 4 6 7 9 10 | 10.0
Spellcasting   | 2 4 5 6 7 |  7.0
Stealth        | 3 5 6 7 |  7.0
Conjurations   | 2 4 5 |  5.2
Necromancy     | 2 4 |  4.3
Fighting       | 4 5 6 |  6.1
Hexes          | 2 |  2.9
Transmutations | 1 |  1.8

Action                   |  1- 3 |  4- 6 |  7- 9 | 10-12 | 13-15 || total
-------------------------+-------+-------+-------+-------+-------++-------
Melee: Spear             |   168 |   135 |       |       |       ||   303
       Trident           |       |       |   172 |  1122 |  1931 ||  3225
 Fire: Hunting sling     |       |    88 |   442 |   409 |    61 ||  1000
Throw: Stone             |     1 |       |     1 |       |     9 ||    11
       Tomahawk          |       |       |       |     3 |       ||     3
 Cast: Shroud of Golubri |       |       |     1 |     1 |     5 ||     7
       Animate Skeleton  |       |       |       |    14 |   100 ||   114
       Vampiric Draining |       |       |       |       |    15 ||    15
       Fulminant Prism   |       |       |       |       |     8 ||     8
       Sticks to Snakes  |       |       |       |       |     5 ||     5
       Iskenderun's Myst |       |       |       |       |     2 ||     2
Invok: Curse Item        |     1 |     1 |     2 |     2 |     2 ||     8
       Transfer Knowledg |       |       |       |       |     1 ||     1
Evoke: Wand              |       |     1 |     2 |    22 |    36 ||    61
       Rod               |       |       |       |       |     2 ||     2
  Use: Scroll            |       |       |    17 |    17 |    12 ||    46
 Stab: Sleeping          |     1 |       |       |     7 |    23 ||    31
       Confused          |       |     2 |       |       |     9 ||    11
       Distracted        |       |       |       |     2 |    27 ||    29
Armor: Robe              |     4 |       |       |   153 |   308 ||   465
       Scale mail        |    38 |    44 |   145 |    59 |       ||   286
Dodge: Dodged            |    61 |    55 |   184 |   799 |  1444 ||  2543
Block: Buckler           |       |     3 |    69 |   285 |   457 ||   814
